 Dungeon Crawl Stone Soup version 0.31-a0-795-g5eb97db20b (webtiles) character file.

Game seed: 3279764528887922704

90 Shayle the Trooper (level 4, -1/67 HPs)
             Began as an Ogre Hexslinger on Sept 18, 2023.
             Slain by an adder (3 damage)
             ... on level 2 of the Dungeon.
             The game lasted 00:04:58 (1686 turns).

Shayle the Trooper (Ogre Hexslinger)                Turns: 1686, Time: 00:04:59

Health: -1/67      AC:  3    Str: 12    XL:     4   Next: 56%
Magic:  5/5        EV: 10    Int: 16    God:
Gold:   52         SH:  0    Dex: 11    Spells: 5/5 levels left

rFire   . . .        a - +1 sling
rCold   . . .        (no shield)
rNeg    . . .        c - +0 robe
rPois   .            (helmet restricted)
rElec   .            (no cloak)
rCorr   .            (gloves unavailable)
SInv    .            (boots unavailable)
Will    +....        (no amulet) Stlth
                     (no ring)
HPRegen 0.31/turn    (no ring)
MPRegen 0.09/turn

%: no passive effects
@: mighty, berserking, lethally poisoned (-1 -> -4), enlightened, flying, very
quick
A: large, unfitting armour, tough skin 1
a: no special abilities


You were on level 2 of the Dungeon.
You visited 1 branch of the dungeon, and saw 3 of its levels.

You collected 52 gold pieces.

Inventory:

Hand Weapons
 a - a +1 sling (weapon)
 i - a +3 dagger
Armour
 c - a +0 robe (worn)
 m - a +0 hat
Scrolls
 b - a scroll of poison
 d - 5 scrolls of identify {unknown}
 e - 2 scrolls of enchant weapon {unknown}
 f - 2 scrolls of silence {unknown}
 j - a scroll of immolation {unknown}
 k - a scroll of revelation {unknown}


   Skills:
 + Level 3.5 Fighting
 - Level 1.3 Ranged Weapons
 - Level 1.7 Dodging
 + Level 1.9 Unarmed Combat
 - Level 1.2 Spellcasting
 - Level 2.6 Hexes
 + Level 2.1 Fire Magic


You had 5 spell levels left.
You didn't know any spells.
Your spell library contained the following spells:

 Spells                   Type           Power      Damage    Failure   Level
 Jinxbite                 Hex            18%        N/A       12%         2
 Sigil of Binding         Hex            9%         N/A       22%         3
 Inner Flame              Hex/Fire       8%         N/A       26%         3
 Cause Fear               Hex            4%         N/A       58%         4
 Dimensional Bullseye     Hex/Tloc       2%         N/A       78%         4


Dungeon Overview and Level Annotations

Branches:
Dungeon (3/15)

Altars:
Ru


Innate Abilities, Weirdness & Mutations

You are too large for most types of armour.
You have tough skin. (AC +1)


Message History

The adder barely misses you.
You shoot a sling bullet. The sling bullet misses the adder.
The adder bites you but does no damage. The adder bites you.
You shoot a sling bullet.
The sling bullet closely misses the adder.
The adder closely misses you. The adder bites you.
You shoot a sling bullet.
The sling bullet closely misses the adder.
The adder bites you but does no damage.
You shoot a sling bullet. The sling bullet misses the adder.
The adder bites you. The adder closely misses you.
You shoot a sling bullet.
The sling bullet barely misses the adder.
The adder bites you.
You are poisoned.
The adder poisons you! The adder bites you.
You shoot a sling bullet.
The sling bullet hits the adder but does no damage.
The adder is heavily wounded.
You feel very sick. The adder bites you.
* * * LOW HITPOINT WARNING * * *
You are more poisoned.
The adder poisons you! The adder bites you but does no damage.
It was a potion of might.
You feel very mighty all of a sudden.
You feel sick. The adder bites you.
* * * LOW HITPOINT WARNING * * *
You feel sick. The adder attacks as it pursues you!
The adder bites you but does no damage.
It was a potion of enlightenment.
You feel very buoyant.
You fly up into the air.
You feel sick. The adder bites you.
* * * LOW HITPOINT WARNING * * *
It was a potion of berserk rage.
A red film seems to cover your vision as you go berserk!
You feel yourself moving faster!
You feel mighty!
* * * LOW HITPOINT WARNING * * *
You feel sick. The adder bites you.
You die...

.##.......##...#####.#...........
.###.............##...........##.
.##.....#.##.#.#....##........##.
.....#.##....#.....###........##.
.....#...#.....##..).............
..#....#......<...###....##....#.
....##............# ##........##.
................)#####...[...###.
....####.....).S@..........)...#.
....# #.....................#...
#.### ####..........##..........
..# #...........#.<......#. .##
#.........[..........#. .#
#........<..#####...... .#
##.....#..##.# #..##.#. .#
###...<#.......# #.###.#.
.#######....#####.....####.###.#.


You could see an adder.

Vanquished Creatures
  3 adders
  3 worms
  3 dart slugs (D:1)
  2 orcs (D:3)
  4 ball pythons
  5 endoplasms
  A giant cockroach (D:1)
  3 hobgoblins
  A quokka (D:1)
  2 bats (D:1)
  6 frilled lizards
  7 goblins
  2 kobolds
  6 rats
48 creatures vanquished.

Notes
Turn   | Place    | Note
-------+----------+-------------------------------------------
     0 | D:1      | Shayle the Ogre Hexslinger began the quest for the Orb.
     0 | D:1      | Reached XP level 1. HP: 19/19 MP: 2/2
    75 | D:1      | Reached skill level 1 in Fire Magic
   120 | D:1      | Reached XP level 2. HP: 28/28 MP: 3/3
   123 | D:1      | Reached skill level 2 in Fighting
   357 | D:1      | Reached skill level 1 in Unarmed Combat
   553 | D:1      | Reached XP level 3. HP: 33/36 MP: 4/4
   655 | D:1      | Found a faded altar of an unknown god.
  1042 | D:2      | Reached skill level 3 in Fighting
  1186 | D:2      | Found a sacrificial altar of Ru.
  1292 | D:2      | Reached XP level 4. HP: 45/45 MP: 5/5
  1685 | D:2      | HP: 1/45 [adder (4)]
  1686 | D:2      | Slain by an adder

Illustrated notes

Levels and vault maps discovered:
D:1:      denvon_arrival_planthouse, layout_basic,
          shapermc_ecumenical_altar_flowoftime
D:2:      layout_rooms, basic_altar, amcnicky_mini_rare_corridor_liquid
D:3:      layout_basic, nemelex_altar_shiori

Skill      XL: |  1  2  3  4 |
---------------+-------------+-----
Fire Magic     | 1 2 |  2.1
Fighting       | 2 3 |  3.5
Unarmed Combat | 1 |  1.9
Ranged Weapons | |  1.3
Dodging        | |  1.7
Spellcasting   | |  1.2
Hexes          | |  2.6

Action                     |  1- 3 |  4- 6 || total
---------------------------+-------+-------++-------
  Melee: Sling             |       |     2 ||     2
   Fire: Sling             |   128 |    67 ||   195
    Use: Potion            |     1 |     3 ||     4
 Armour: Robe              |    41 |    54 ||    95
         Skin              |    13 |       ||    13
  Dodge: Dodged            |    26 |    37 ||    63

Table legend: (Time is in decaauts)
 A = Elapsed time spent in this place.
 B = Non-inter-level travel time spent in this place.
 C = Inter-level travel time spent in this place.
 D = Time resting spent in this place.
 E = Time spent auto-exploring this place.
 F = Levels seen in this place.
 G = Mean time per level.
                   A        B        C        D        E       F      G
               +--------+--------+--------+--------+--------+-----+--------+
         Total |   1752 |   1654 |     98 |    313 |    915 |   3 |  584.0 |
       Dungeon |   1752 |   1654 |     98 |    313 |    915 |   3 |  584.0 |
               +--------+--------+--------+--------+--------+-----+--------+

Top non-repeatable levels by time:
     D:1: 882 daAuts
     D:2: 699 daAuts
     D:3: 170 daAuts
